 Dungeon Crawl Stone Soup version 0.26-a0-664-gc8b27b8fc1 (webtiles) character file.

Game seed: 5706031883148972070

1246 PentaManta the Slinger (level 8, -4/37 HPs)
             Began as a Spriggan Hunter on Oct 13, 2020.
             Was an Initiate of Dithmenos.
             Killed by nerve-wracking pain
             ... invoked by Menkaure
              (10 damage)
             ... on level 5 of the Dungeon.
             The game lasted 00:18:47 (7497 turns).

PentaManta the Slinger (Spriggan Hunter)            Turns: 7497, Time: 00:18:48

Health: -4/37      AC:  2    Str:  8    XL:     8   Next: 25%
Magic:  9/9        EV: 25    Int: 13    God:    Dithmenos [......]
Gold:   281        SH:  0    Dex: 18    Spells: 7/7 levels left

rFire    . . .     SeeInvis +   a - +1 hunting sling
rCold    . . .     Faith    .   (shield restricted)
rNeg     . . .     Spirit   .   q - +0 animal skin
rPois    .         Reflect  .   (helmet restricted)
rElec    .         Harm     .   (no cloak)
rCorr    .         Rampage  .   (gloves unavailable)
MR       +....                  (boots unavailable)
Stlth    ++........             (no amulet)
HPRegen  0.12/turn              (no ring)
MPRegen  0.11/turn              (no ring)

@: very quick
A: very small, unfitting armour, see invisible, speed 3
a: Renounce Religion


You were on level 5 of the Dungeon.
You worshipped Dithmenos.
Dithmenos was noncommittal.
You visited 2 branches of the dungeon, and saw 6 of its levels.
You also visited: Ossuary.

You collected 281 gold pieces.

Inventory:

Hand Weapons
 a - a +1 hunting sling (weapon)
 b - a +0 short sword
 h - a +0 dagger
 v - the +6 hand axe "Wotwafia" {protect, rF+ rC+ Int-2, unknown}
   (You found it on level 5 of the Dungeon)

   It grants its wielder temporary protection when it strikes (+7 to AC).
   It affects your intelligence (-2).
   It protects you from fire.
   It protects you from cold.
Missiles
 d - 28 sling bullets
 f - 25 stones (quivered)
 o - 14 poisoned darts
Armour
 q - a +0 animal skin (worn)
Wands
 i - a wand of iceblast (9)
Scrolls
 c - a scroll of remove curse
 g - 2 scrolls of identify
 m - 4 scrolls of teleportation
 t - a scroll of blinking
 u - a scroll of enchant armour {unknown}
Potions
 e - 2 potions of haste
 j - 6 potions of curing
 k - 2 potions of brilliance
 l - 2 potions of flight
 n - a potion of might
 p - 2 potions of invisibility
 r - a potion of lignification
 s - 2 potions of berserk rage


   Skills:
 - Level 1.5 Fighting
 + Level 10.6 Slings
 + Level 9.0 Dodging
 - Level 1.5 Stealth


You had 7 spell levels left.
You didn't know any spells.
Your spell library was empty.

Dungeon Overview and Level Annotations

Branches:
Dungeon (5/15)             Temple (1/1) D:4         Ossuary (visited)

Altars:
Ashenzari
Cheibriados
Dithmenos
Elyvilon
Fedhas
Gozag
Hepliaklqana
Kikubaaqudgha
Makhleb
Okawaru
Qazlal
Ru
Sif Muna
Trog
Uskayaw
Vehumet
Xom
Yredelemnul
The Shining One

Portals:
Abyss: D:5

Annotations:
D:3 3 runed translucent doors, angryZebra's ghost, amateur DrVM
D:5 2 transporters, DarthBeliar's ghost, amateur DEVM; Menkaure


Innate Abilities, Weirdness & Mutations

You are very small and have problems with some larger weapons.
You are too small for most types of armour.
You have supernaturally acute eyesight. (SInv)
You cover ground extremely quickly.


Message History

Aim: Menkaure (lightly damaged, fast)
You shoot a stone. The stone barely misses Menkaure.
Firing (i - inventory. (/) - cycle)
f - 28 stones (quivered)
Press: ? - help, Shift-Dir - straight line, f/p - Menkaure
Aim: Menkaure (fast)
You shoot a stone. The stone hits Menkaure.
Menkaure is lightly damaged.
Firing (i - inventory. (/) - cycle)
f - 27 stones (quivered)
Press: ? - help, Shift-Dir - straight line, f/p - Menkaure
Aim: Menkaure (lightly damaged, fast)
You shoot a stone. The stone hits Menkaure.
Menkaure is lightly damaged.
Firing (i - inventory. (/) - cycle)
f - 26 stones (quivered)
Press: ? - help, Shift-Dir - straight line, f/p - Menkaure
Aim: Menkaure (lightly damaged, fast)
You shoot a stone. The stone hits Menkaure.
Menkaure is moderately damaged.
Menkaure casts a spell at you. Pain shoots through your body!
You die...

##.......# ##.....#
#....(.(.# #......#
#.....(..# #......# #
#.......## ##......#
####.....M# #.......#
.###......# #......##
..###.....# #######...##
#...#.....######.........#
##........((M...@.....#..#
##............########..#
##....######## #..#
##.##### #.## ##......#
######.# ##.......##
####...##.##
#.........####.......)..##
##...####.......###.......#
#..).#5.###...###K##...#..#


You could see Menkaure (fast).

Vanquished Creatures
  Grinder (D:5)
  Edmund (D:5)
  An orc warrior (D:5)
  A water moccasin zombie (D:5)
  A scorpion (D:5)
  4 hounds
  3 orc wizards
  A bullfrog skeleton (D:5)
  3 orc priests
  Terence (D:3)
  Jessica (D:3)
  14 mummies (Ossuary)
  Robin (D:3)
  2 adders
  2 white imps
  An ufetubus (D:5)
  An ooze (D:5)
  3 worms
  2 dart slugs
  4 leopard geckos
  11 orcs
  9 bats
  2 giant cockroaches
  11 goblins
  7 hobgoblins
  18 jackals
  6 kobolds
  2 quokkas (D:3)
  A ball python (D:5)
  A ball python skeleton (D:4)
  5 frilled lizards
  2 goblin skeletons (Ossuary)
  2 kobold skeletons (Ossuary)
  4 orc skeletons (Ossuary)
  A quokka skeleton (D:4)
  7 rats
  9 rat skeletons (Ossuary)
146 creatures vanquished.

Vanquished Creatures (others)
  2 rat skeletons (Ossuary)
2 creatures vanquished.

Grand Total: 148 creatures vanquished

Notes
Turn   | Place    | Note
-------+----------+-------------------------------------------
     0 | D:1      | PentaManta the Spriggan Hunter began the quest for the Orb.
     0 | D:1      | Reached XP level 1. HP: 10/10 MP: 2/2
    14 | D:1      | Reached skill level 5 in Slings
    63 | D:1      | Reached XP level 2. HP: 14/14 MP: 3/3
  1006 | D:2      | Reached skill level 6 in Slings
  1006 | D:2      | Reached XP level 3. HP: 18/18 MP: 4/4
  1832 | D:3      | Noticed angryZebra's ghost (amateur DrVM)
  1859 | D:3      | Found a runed translucent gate.
  1859 | D:3      | Found a runed translucent gate.
  1859 | D:3      | Found a runed translucent gate.
  1875 | D:3      | Found a stormy altar of Qazlal.
  1913 | D:3      | Reached XP level 4. HP: 22/22 MP: 5/5
  1950 | D:3      | Noticed Jessica
  1955 | D:3      | Killed Jessica
  1955 | D:3      | Reached skill level 7 in Slings
  2135 | D:3      | Reached XP level 5. HP: 23/25 MP: 6/6
  2234 | D:3      | Found a glowing golden altar of the Shining One.
  2378 | D:3      | Reached skill level 8 in Slings
  2496 | D:3      | Noticed Terence
  2580 | D:3      | Killed Terence
  2779 | D:3      | Noticed Robin
  2820 | D:3      | Killed Robin
  3414 | D:4      | Found a sand-covered staircase.
  3419 | Ossuary  | Entered an ossuary
  3631 | Ossuary  | Reached XP level 6. HP: 30/30 MP: 7/7
  4141 | Ossuary  | Reached skill level 5 in Dodging
  4334 | D:4      | Reached skill level 9 in Slings
  4544 | D:4      | Found a staircase to the Ecumenical Temple.
  4624 | Temple   | Entered the Ecumenical Temple
  4746 | Temple   | Became a worshipper of Dithmenos the Shadowed
  5145 | D:4      | Reached XP level 7. HP: 18/33 MP: 8/8
  5632 | D:5      | Entered Level 5 of the Dungeon
  5784 | D:5      | Noticed Grinder
  5816 | D:5      | Killed Grinder
  5951 | D:5      | Found a transporter.
  5971 | D:5      | Found the ring of Phasing {EV+8}
  5972 | D:5      | Noticed a small abomination
  5981 | D:5      | Found a transporter.
  5984 | D:5      | Noticed DarthBeliar's ghost (amateur DEVM)
  6007 | D:5      | Found a one-way gate to the infinite horrors of the Abyss.
  6018 | D:5      | Reached skill level 10 in Slings
  6241 | D:5      | Noticed Edmund
  6321 | D:5      | Killed Edmund
  6321 | D:5      | Reached XP level 8. HP: 25/37 MP: 9/9
  6610 | D:5      | Got a transparent hand axe
  7468 | D:5      | Noticed Menkaure
  7497 | D:5      | Killed from afar by Menkaure

Illustrated notes

Levels and vault maps discovered:
D:1:      dpeg_arrival_rooms_c, layout_rooms
D:2:      layout_rooms
D:3:      layout_loops_corners, lemuel_crystal_altar, gammafunk_ghost_icy,
          grunt_ministairs_2, nicolae_qazlal_eye_of_the_storm, uniq_jessica,
          uniq_terence, uniq_robin
D:4:      layout_basic, temple_doors_e, nicolae_ossuary_entry_monument
D:5:      layout_cave_pods, gammafunk_ghost_abyssal_escape, uniq_edmund,
          uniq_menkaure, uniq_grinder
Temple:   compressed_dpeg_circular_temple

Skill      XL: |  1  2  3  4  5  6  7  8 |
---------------+-------------------------+-----
Slings         | 5 6 7 8 9 10 | 10.6
Dodging        | 4 6 8 9 |  9.0
Fighting       | |  1.5
Stealth        | |  1.5

Action                   |  1- 3 |  4- 6 |  7- 9 || total
-------------------------+-------+-------+-------++-------
Melee: Dagger            |   111 |       |       ||   111
 Fire: Hunting sling     |   118 |   364 |   240 ||   722
  Use: Scroll            |       |     7 |    10 ||    17
Armor: Robe              |     9 |     2 |       ||    11
Dodge: Dodged            |   149 |    53 |    60 ||   262

Table legend: (Time is in decaauts)
 A = Elapsed time spent in this place.
 B = Non-inter-level travel time spent in this place.
 C = Inter-level travel time spent in this place.
 D = Time resting spent in this place.
 E = Time spent auto-exploring this place.
 F = Levels seen in this place.
 G = Mean time per level.
                   A        B        C        D        E       F      G
               +--------+--------+--------+--------+--------+-----+--------+
         Total |   5686 |   5571 |    115 |    648 |   3414 |   7 |  812.3 |
       Dungeon |   4881 |   4780 |    101 |    405 |   3345 |   5 |  976.2 |
        Temple |     89 |     76 |     13 |      0 |     43 |   1 |   89.0 |
       Ossuary |    715 |    715 |      0 |    243 |     26 |   1 |  715.0 |
               +--------+--------+--------+--------+--------+-----+--------+

Top non-repeatable levels by time:
     D:5: 1243 daAuts
     D:3: 1102 daAuts
     D:4: 1014 daAuts
     D:1: 952 daAuts
 Ossuary: 715 daAuts
     D:2: 569 daAuts
  Temple: 89 daAuts
